cohdb
Replays
Latest Replays
All Replays
Popular Replays
Top Player Replays
Match Explorer
How It Works
Community
CoH3 Stats
Reddit
Sign in to upload your games and track your stats! →
Sign in with Steam
Match 32212589
Unlisted
Match 32212589
Overview
Messages
Build Orders
End
Panzergrenadier Squad
250 Light Carrier
Panzergrenadier Squad
Construct Light Support Kompanie
Fire Support Elements
Combat Half-tracks
2.5-tonne Medical Truck
MG34 Team
Selects Armored Support Battlegroup
le.IG 18 Mechanized Group
Construct Panzerarmee Kommand
Selects Veteran Gunners
Selects Superior Fire Drills
Vehicle Survival Package
Selects Salvage Kits
Selects Panzer Storm
Panzer III L Medium Tank
Panzer III L Medium Tank
Tungsten Core Ammunition
Panzer III L Medium Tank
Selects Stuka Anti-tank Loiter
Panzer III L Medium Tank
Stuka Anti-tank Loiter
hooveric
카츄사
PubStormer
Ric Hard
GSK7717
Projinx
0
0
Comments
sign in to comment!
No comments posted yet!